 Dungeon Crawl Stone Soup version 0.31-a0-246-g8cbcc1cb85 (webtiles) character file.

Game seed: 15281848262999267369

147 Iniera the Trooper (level 5, 29/43 HPs)
             Began as a Demonspawn Brigand on July 13, 2023.
             Quit the game on level 4 of the Dungeon.
             The game lasted 00:02:50 (2830 turns).

Iniera the Trooper (Demonspawn Brigand)             Turns: 2830, Time: 00:02:51

Health: 29/43      AC: 12    Str: 11 (14) XL:     5   Next: 7%
Magic:  5/5        EV:  6    Int: 10 (12) God:
Gold:   176        SH:  0    Dex: 14      Spells: 4/4 levels left

rFire   . . .        q - +0 hand axe
rCold   . . .        (no shield)
rNeg    . . .        p - +0 chain mail
rPois   .            (helmet restricted)
rElec   .            c - +0 cloak
rCorr   .            i - +0 pair of gloves
SInv    .            (no boots)
Will    .....        (no amulet) Stlth
                     (no ring)
HPRegen 0.27/turn    (no ring)
MPRegen 0.09/turn

%: no passive effects
@: no status effects
A: horns 1, icy blue scales 1, demonic guardian 1
a: no special abilities


You were on level 4 of the Dungeon.
You visited 1 branch of the dungeon, and saw 4 of its levels.

You collected 176 gold pieces.

Inventory:

Hand Weapons
 q - a +0 hand axe (weapon)
Missiles
 d - 21 poisoned darts (quivered)
 z - 3 curare-tipped darts
Armour
 c - a +0 cloak (worn)
 i - a +0 pair of gloves (worn)
 p - a +0 chain mail (worn)
Wands
 a - a wand of flame (23)
 l - a wand of digging (3)
 o - a wand of iceblast (8)
Scrolls
 b - a scroll of noise {unknown}
 e - a scroll of identify
 h - 2 scrolls of enchant weapon
 m - 2 scrolls of vulnerability
 n - 3 scrolls of blinking
Potions
 g - a potion of cancellation


   Skills:
 + Level 4.4 Fighting
 - Level 1.7 Short Blades
 * Level 1.3 Axes
 - Level 2.0 Throwing
 + Level 1.5 Armour
 - Level 0.8 Dodging
 - Level 3.6 Stealth


You had 4 spell levels left.
You didn't know any spells.
Your spell library contained the following spells:

 Spells                   Type           Power      Damage    Failure   Level
 Kiss of Death            Conj/Necr      0%         2d5       100%        1
 Confusing Touch          Hex            0%         N/A       100%        3
 Animate Armour           Summ/Erth      0%         N/A       100%        4
 Dispel Undead            Necr           0%         3d6       100%        4
 Summon Lightning Spire   Summ/Air       0%         N/A       100%        4
 Lee's Rapid Deconstruct  Erth           0%         3d4*      100%        5


Dungeon Overview and Level Annotations

Branches:
Dungeon (4/15)
 Temple: D:4-7

Altars:


Innate Abilities, Weirdness & Mutations

You have a pair of small horns on your head.
You are partially covered in icy blue scales. (AC +2)
A weak demonic guardian rushes to your aid.


Message History

The slug dart hits you but does no damage.
You hit the scorpion but do no damage. Your punch misses the scorpion.
The scorpion is moderately wounded.
You hit the dart slug.
You feel sick. The scorpion barely misses you.
Sorry, you're not good enough to have a special ability.
Unknown command.
You feel yourself speed up.
You feel sick.
The scorpion stings you but does no damage.
The dart slug bites you but does no damage.
The scorpion completely misses you.
You hit the scorpion.
The scorpion is heavily wounded.
You hit the dart slug.
You feel sick. The dart slug bites you.
You hit the scorpion. You headbutt the scorpion!
You kill the scorpion!
You hit the dart slug but do no damage.
You feel sick.
You feel your dexterity returning.
Your Axes skill increases to level 1!
You have reached level 5!
Your demonic ancestry asserts itself...
You feel the presence of a demonic guardian.
You slash the dart slug!
The dart slug is almost dead.
You feel sick.
The dart slug bites you but does no damage.
You hit the dart slug but do no damage.
The dart slug is almost dead.
You feel sick.
You are no longer poisoned.
The dart slug bites you but does no damage.
You completely miss the dart slug.
The dart slug is almost dead.
You hit the dart slug.
You kill the dart slug!
Key pressed, stopping explore.
Your extra speed is starting to run out.
You feel yourself slow down.
A jackal comes into view.
A jackal is nearby!
Are you sure you want to abandon this character and quit the game? (Confirm with "yes".)

..#.# #..[.. ##
#.. ..#..## ##.###
#.. ...
#.#.#.###.## ...
#.# #.#.#..#.##
#.# #.#
#.#.#..)..#
#...#.#
#.#.#..##.#
###...#.###.#.#..#
.#
.h....†..........#
.# #...@.........#
.#
######.#.#######.#
#.#.........#
..########..# ##.#
#.# >## #


You could see a jackal (wandering).

Vanquished Creatures
  A scorpion (D:4)
  An orc wizard (D:4)
  2 dart slugs
  4 orcs (D:4)
  6 bats
  4 endoplasms
  2 giant cockroaches (D:1)
  5 goblins
  2 hobgoblins
  8 jackals
  4 kobolds
  3 quokkas
  4 ball pythons
  3 frilled lizards
  4 rats
53 creatures vanquished.

Notes
Turn   | Place    | Note
-------+----------+-------------------------------------------
     0 | D:1      | Iniera the Demonspawn Brigand began the quest for the Orb.
     0 | D:1      | Reached XP level 1. HP: 16/16 MP: 1/1
   182 | D:1      | Gained mutation: You are partially covered in icy blue
                  | scales. (AC +2) [demonic ancestry]
   182 | D:1      | Reached XP level 2. HP: 3/23 MP: 2/2
   390 | D:1      | Reached skill level 3 in Fighting
   750 | D:2      | Reached XP level 3. HP: 29/29 MP: 3/3
  2624 | D:4      | Reached skill level 4 in Fighting
  2642 | D:4      | Reached skill level 1 in Armour
  2642 | D:4      | Gained mutation: You have a pair of small horns on your
                  | head. [demonic ancestry]
  2642 | D:4      | Reached XP level 4. HP: 25/37 MP: 4/4
  2754 | D:4      | Noticed a scorpion
  2770 | D:4      | HP: 1/37 [scorpion (1)]
  2776 | D:4      | Killed a scorpion
  2777 | D:4      | Reached skill level 1 in Axes
  2777 | D:4      | Gained mutation: A weak demonic guardian rushes to your
                  | aid. [demonic ancestry]
  2777 | D:4      | Reached XP level 5. HP: 20/43 MP: 5/5
  2830 | D:4      | Quit the game

Illustrated notes

Levels and vault maps discovered:
D:1:      ebering_hopf_link, layout_rooms, serial_bayou_ford_a
D:2:      layout_loops_corners
D:3:      layout_basic
D:4:      layout_loops_ring, mainiacjoe_overflow_paths,
          mainiacjoe_overflow_alcove_3

Skill      XL: |  1  2  3  4 |
---------------+-------------+-----
Throwing       | 2 |  2.0
Fighting       | 3 4 |  4.4
Armour         | 1 |  1.5
Axes           | 1 |  1.3
Short Blades   | |  1.7
Dodging        | |  0.8
Stealth        | |  3.6

Action                     |  1- 3 |  4- 6 || total
---------------------------+-------+-------++-------
  Melee: Dagger            |   163 |     1 ||   164
         Hand axe          |       |    22 ||    22
         Headbutt          |       |     5 ||     5
  Throw: Dart              |    19 |       ||    19
    Use: Scroll            |     8 |       ||     8
         Potion            |       |     3 ||     3
   Stab: Sleeping          |     8 |       ||     8
 Armour: Robe              |    41 |       ||    41
         Chain mail        |    25 |    18 ||    43
  Dodge: Dodged            |    90 |     8 ||    98

Table legend: (Time is in decaauts)
 A = Elapsed time spent in this place.
 B = Non-inter-level travel time spent in this place.
 C = Inter-level travel time spent in this place.
 D = Time resting spent in this place.
 E = Time spent auto-exploring this place.
 F = Levels seen in this place.
 G = Mean time per level.
                   A        B        C        D        E       F      G
               +--------+--------+--------+--------+--------+-----+--------+
         Total |   2820 |   2651 |    169 |      2 |   2221 |   4 |  705.0 |
       Dungeon |   2820 |   2651 |    169 |      2 |   2221 |   4 |  705.0 |
               +--------+--------+--------+--------+--------+-----+--------+

Top non-repeatable levels by time:
     D:2: 924 daAuts
     D:3: 846 daAuts
     D:1: 757 daAuts
     D:4: 292 daAuts
